Map: [ESL] Waterfall

Players

HeroMarine - Winner!

  • Race: Terran Terran
  • Spawn Location: 7:00

Astrea

  • Race: Protoss Protoss
  • Spawn Location: 1:00

Event: TSL 9

VOD

Have the link to the VOD?

Description

Time

  • Played on: Aug. 21, 2022, 8:21 a.m.
  • Length: 9:23

All games in this series

Show
View Real Time Build Order
Export as new Build Order

HeroMarine Terran - Winner!

Build Orders:  

Get SALT Encoding   

  12  0:00  SCV  
  13  0:12  SCV  
  14  0:17  Supply Depot  
  14  0:24  SCV  
  15  0:38  SCV  
  15  0:39  Barracks  
  16  0:43  Refinery  
  16  0:50  SCV  
  16  0:53  Refinery  
  17  1:02  SCV  
  18  1:15  SCV  
  19  1:20  Supply Depot  
  19  1:26  Reaper  
  19  1:27  Orbital Command  
  20  1:43  Factory  
  20  1:53  SCV  
  21  1:58  Reaper  
  22  2:05  SCV  
  23  2:17  Command Center  
  23  2:20  SCV  
  24  2:27  Hellion  
  26  2:32  SCV  
  27  2:37  Supply Depot  
  27  2:38  Barracks Reactor  
  27  2:44  SCV  
  27  2:48  Widow Mine  
  27  2:50  Starport  
  30  2:56  SCV  
  31  3:08  SCV  
  31  3:11  Factory Tech Lab  
  32  3:14  Marine x2  
  34  3:20  SCV  
  35  3:28  Viking  
  35  3:29  Orbital Command  
  35  3:32  Cyclone  
  40  3:36  SCV  
  40  3:38  Marine  
  40  3:40  Marine  
  43  3:48  SCV  
  43  3:50  Supply Depot  
  43  3:55  SCV  
  45  3:57  Marine  
  45  3:58  Marine  
  45  4:00  SCV, Medivac  
  50  4:06  Cyclone  
  53  4:10  Supply Depot  
  53  4:12  SCV  
  53  4:13  SCV  
  53  4:15  Marine  
  53  4:17  Marine  
  56  4:22  Supply Depot  
  56  4:24  SCV  
  58  4:25  SCV  
  58  4:30  Liberator  
  62  4:33  Marine  
  62  4:34  Marine  
  62  4:36  SCV  
  62  4:37  SCV  
  66  4:42  Supply Depot  
  66  4:48  SCV  
  66  4:49  SCV  
  66  4:50  Cyclone  
  66  4:51  Marine  
  66  4:52  Marine  
  73  5:00  SCV  
  73  5:01  SCV  
  73  5:09  Marine  
  73  5:10  Marine  
  73  5:11  Command Center  
  73  5:12  SCV  
  73  5:13  Viking  
  78  5:14  SCV  
  79  5:23  Cyclone  
  79  5:27  Marine  
  79  5:28  Marine  
  84  5:29  SCV x2  
  76  5:41  SCV x2  
  74  5:44  Marine  
  74  5:45  Barracks  
  74  5:46  Barracks, Marine  
  74  5:53  SCV x2  
  69  6:01  Engineering Bay  
  69  6:02  Marine  
  69  6:03  Marine, Starport Reactor  
  71  6:05  SCV x2  
  71  6:08  Barracks  
  73  6:14  Barracks  
  73  6:16  Refinery  
  73  6:17  SCV  
  77  6:20  Marine  
  77  6:21  Marine  
  77  6:23  Orbital Command  
  79  6:25  SCV  
  79  6:27  Terran Infantry Weapons Level 1  
  79  6:28  Refinery  
  79  6:30  SCV  
  81  6:38  SCV, Marine  
  81  6:39  Marine  
  81  6:41  Factory Reactor  
  81  6:42  SCV, Stimpack  
  81  6:45  Missile Turret x2, Starport Tech Lab  
  81  6:46  Marine x3  
  85  6:49  Missile Turret  
  85  6:51  Orbital Command  
  85  6:52  SCV  
  85  6:53  Supply Depot x2  
  86  6:54  SCV  
  86  6:56  Marine  
  86  6:57  Marine  
  86  6:59  Barracks Reactor  
  86  7:00  Barracks Tech Lab  
  89  7:04  SCV, Marine x2  
  89  7:07  SCV  
  89  7:08  Supply Depot, Marine  
  92  7:10  Starport Reactor  
  92  7:12  Combat Shield, Marine  
  92  7:13  Marine  
  92  7:15  Marine  
  95  7:16  SCV  
  95  7:17  SCV  
  95  7:19  SCV, Marine  
  95  7:21  Missile Turret, Marine  
  95  7:22  Missile Turret, Marine  
  101  7:26  Marine  
  101  7:27  Widow Mine x2  
  101  7:29  SCV, Marine  
  107  7:31  Marine  
  107  7:32  SCV x2  
  110  7:38  Marauder  
  110  7:40  Supply Depot  
  110  7:41  SCV  
  110  7:43  Marine x3  
  118  7:44  SCV, Marauder  
  118  7:48  Marauder  
  118  7:50  SCV  
  119  7:53  SCV  
  119  7:55  Marine  
  121  7:59  Marauder  
  121  8:00  Marine  
  121  8:03  Medivac x2, Widow Mine x2  
  121  8:05  Marauder, Marine  
  132  8:06  Marine  
  132  8:12  Supply Depot  
  132  8:13  Supply Depot, Marine  
  132  8:14  Marauder  
  132  8:18  Marine  
  136  8:21  Marauder  
  136  8:22  Concussive Shells  
  136  8:23  Marine  
  136  8:24  Marine  
  140  8:31  Widow Mine x2, Marauder, Marine  
  147  8:35  Ghost Academy, Refinery, Medivac x2, Marauder  
  152  8:43  Marine x3  
  152  8:45  SCV x2  
  152  8:46  Marine  
  154  8:49  SCV  
  154  8:51  Marine  
  154  8:55  Marine  
  154  8:57  SCV x2  
  157  9:04  SCV  
  157  9:09  SCV x2  
Show
View Real Time Build Order
Export as new Build Order

Astrea Protoss 

Build Orders: 1 Gate Expand, Phoenix Opening 

Get SALT Encoding   

  12  0:00  Probe  
  13  0:12  Probe  
  14  0:18  Pylon  
  14  0:24  Probe (Chrono Boost)  
  15  0:36  Probe (Chrono Boost)  
  15  0:37  Gateway  
  16  0:45  Probe (Chrono Boost)  
  16  0:46  Assimilator  
  17  0:51  Probe  
  18  1:03  Probe  
  19  1:15  Probe  
  20  1:23  Nexus  
  20  1:33  Cybernetics Core  
  20  1:35  Probe  
  21  1:42  Assimilator  
  21  1:47  Probe  
  21  1:51  Pylon  
  22  1:59  Probe  
  23  2:07  Adept (Chrono Boost)  
  23  2:11  Probe  
  23  2:15  Shield Battery  
  26  2:22  Stargate  
  26  2:23  Probe  
  26  2:27  Warp Gate  
  27  2:32  Adept (Chrono Boost)  
  29  2:37  Probe  
  29  2:40  Probe  
  31  2:49  Probe  
  32  2:53  Adept, Probe  
  35  3:01  Probe  
  36  3:05  Probe  
  36  3:06  Phoenix  
  39  3:15  Twilight Council  
  39  3:16  Probe  
  39  3:18  Probe  
  41  3:26  Pylon  
  41  3:28  Probe  
  41  3:30  Probe  
  43  3:34  Phoenix  
  43  3:40  Probe  
  46  3:42  Gateway  
  46  3:43  Charge (Chrono Boost)  
  46  3:44  Probe  
  47  3:52  Probe  
  48  3:56  Probe  
  48  3:58  Gateway  
  49  4:03  Gateway  
  49  4:10  Phoenix  
  51  4:19  Pylon  
  51  4:20  Zealot  
  53  4:28  Nexus  
  53  4:35  Pylon  
  53  4:36  Phoenix  
  55  4:40  Probe  
  55  4:43  Zealot  
  55  4:45  Zealot  
  60  4:47  Probe  
  60  4:52  Probe  
  62  4:55  Zealot, Assimilator  
  64  5:01  Phoenix  
  64  5:05  Zealot x2  
  70  5:11  Pylon  
  70  5:16  Forge  
  70  5:23  Probe  
  70  5:24  Pylon  
  70  5:28  Probe  
  70  5:32  Zealot x3  
  65  5:36  Probe  
  65  5:40  Probe  
  65  5:41  Phoenix, Zealot  
  65  5:42  Probe  
  60  5:51  Probe  
  60  5:55  Zealot x2, Protoss Ground Armor Level 1 (Chrono Boost)  
  60  5:56  Probe  
  60  6:01  Zealot x2  
  60  6:03  Probe  
  61  6:05  Phoenix  
  63  6:12  Sentry  
  63  6:14  Probe x2  
  63  6:17  Zealot  
  69  6:24  Zealot x2  
  73  6:26  Probe x2  
  73  6:32  Phoenix  
  77  6:34  Probe  
  77  6:37  Pylon  
  77  6:38  Probe x2  
  80  6:45  Gateway  
  80  6:46  Gateway  
  80  6:51  Probe x2, Gateway  
  82  6:55  Gateway  
  82  6:56  Probe  
  83  7:05  Oracle  
  83  7:06  Probe x2  
  88  7:12  Zealot x4  
  96  7:17  Templar Archives  
  96  7:21  Assimilator  
  96  7:32  Zealot x4  
  104  7:41  Pylon x2  
  104  7:42  Phoenix  
  106  7:48  Psionic Storm  
  96  7:53  Zealot x4  
  96  7:54  Zealot x2  
  96  7:56  Probe  
  105  8:01  Probe  
  96  8:07  Phoenix  
  96  8:10  Zealot x2  
  102  8:14  Zealot x3, High Templar  
  102  8:15  Zealot  
  112  8:22  Zealot, Pylon  
  114  8:33  Nexus  
  114  8:34  High Templar  
  114  8:36  Zealot x3  
  114  8:38  Zealot  
  124  8:42  Probe  
  124  8:47  Zealot x3  
  131  8:51  Pylon  
  131  8:53  Pylon  
  127  8:58  High Templar x2  
  127  9:00  Zealot  
  127  9:02  Archon, Pylon  
  115  9:13  Zealot x5  
Tags
 
Add a new tag
Caveats
  • Supply blocks, unpowered buildings, or Contaminate may cause inaccurate times.
  • Supply counts are checked every 10 seconds.